TOP OF THE 1ST |
Paris Cubs batting - Pitching for Detroit Red Wings : RHP Edwin Soto
|
Pitching: RHP Edwin Soto
|
|
Batting: RHB Willie Rubio
|
0-0: Ground out 5-3 (Groundball, 56S, EV 87.5 MPH)
|
Batting: LHB Tyler Schuettler
|
0-0: Ball 1-0: Ball 2-0: Foul Ball, location: 2F 2-1: Foul Ball, location: 2F 2-2: Fly out, F7 (Flyball, 7, EV 86.2 MPH)
|
Batting: LHB Jeremy Rideout
|
0-0: Called Strike 0-1: Ground out 5-3 (Groundball, 56, EV 90.0 MPH)
|
Top of the 1st over - 0 runs, 0 hits, 0 errors, 0 left on base; Paris 0 - Detroit 0 |
BOTTOM OF THE 1ST |
Detroit Red Wings batting - Pitching for Paris Cubs : LHP Noah Hornby
|
Pitching: LHP Noah Hornby
|
|
Batting: RHB António Scarlett
|
0-0: Foul Ball, location: 2F 0-1: SOLO HOME RUN (Flyball, 78XD, EV 113.8 MPH), Distance : 434 ft
|
Batting: LHB Duda Pinho
|
0-0: Called Strike 0-1: Called Strike 0-2: Reached on error, E2 (Groundball, 2L, EV 70.0 MPH)
|
Batting: RHB Alex Duarte
|
0-0: Ball Passed Ball! Duda Pinho to second 1-0: Ground out 5-3 (Groundball, 56S, EV 86.9 MPH)
|
Batting: LHB Iestyn Peacock
|
0-0: Called Strike 0-1: Ball 1-1: Ball 2-1: Foul Ball, location: 2F 2-2: Strikes out swinging
|
Batting: RHB Harry Tugnut
|
0-0: Ball 1-0: DOUBLE (Line Drive, 7LD, EV 103.1 MPH) Duda Pinho scores
|
Batting: RHB Dustin Bursell
|
0-0: Called Strike 0-1: Foul Ball, location: 2F 0-2: Ball 1-2: Foul Ball, location: 2F 1-2: Fly out, F3 (Line Drive, 3, EV 75.6 MPH)
|
Bottom of the 1st over - 2 runs, 2 hits, 1 error, 1 left on base; Paris 0 - Detroit 2 |
TOP OF THE 2ND |
Paris Cubs batting - Pitching for Detroit Red Wings : RHP Edwin Soto
|
Batting: LHB David Mendez
|
0-0: Called Strike 0-1: Called Strike 0-2: Strikes out swinging
|
Batting: RHB Jesus Resendez
|
0-0: Ball 1-0: Foul Ball, location: 2F 1-1: Foul Ball, location: 2F 1-2: Foul Ball, location: 2F 1-2: SINGLE (Groundball, 34D, EV 99.4 MPH)
|
Batting: LHB Zach Martin
|
0-0: Ball 1-0: Ball Jesus Resendez is caught stealing 2nd base 2-6 2-0: SINGLE (Line Drive, 56D, EV 96.9 MPH)
|
Batting: RHB Mike Snider
|
0-0: Swinging Strike 0-1: Called Strike 0-2: Ball 1-2: Strikes out swinging
|
Top of the 2nd over - 0 runs, 2 hits, 0 errors, 1 left on base; Paris 0 - Detroit 2 |
BOTTOM OF THE 2ND |
Detroit Red Wings batting - Pitching for Paris Cubs : LHP Noah Hornby
|
Batting: LHB Simon Barry
|
0-0: Fly out, F5 (Popup, 56S, EV 71.9 MPH)
|
Batting: RHB Carlos Avila
|
0-0: Called Strike 0-1: Ball 1-1: Ground out 5-3 (Groundball, 5, EV 111.2 MPH)
|
Batting: SHB Roderick Speed
|
0-0: Ball 1-0: Foul Ball, location: 2F 1-1: Ball 2-1: Foul Ball, location: 2F 2-2: Foul Ball, location: 2F 2-2: Strikes out swinging
|
Bottom of the 2nd over - 0 runs, 0 hits, 0 errors, 0 left on base; Paris 0 - Detroit 2 |
TOP OF THE 3RD |
Paris Cubs batting - Pitching for Detroit Red Wings : RHP Edwin Soto
|
Batting: RHB Jason Banks
|
0-0: Ball 1-0: Swinging Strike 1-1: Ball 2-1: Called Strike 2-2: Strikes out swinging
|
Batting: RHB Michihisa Tanaka
|
0-0: Swinging Strike 0-1: Foul Ball, location: 2F 0-2: Strikes out looking
|
Batting: RHB Willie Rubio
|
0-0: Ball 1-0: Fly out, F8 (Flyball, 8LD, EV 98.1 MPH)
|
Top of the 3rd over - 0 runs, 0 hits, 0 errors, 0 left on base; Paris 0 - Detroit 2 |
BOTTOM OF THE 3RD |
Detroit Red Wings batting - Pitching for Paris Cubs : LHP Noah Hornby
|
Batting: RHB António Scarlett
|
0-0: Foul Ball, location: 2F 0-1: Foul Ball, location: 2F 0-2: Fly out, F9 (Flyball, 9D, EV 88.1 MPH)
|
Batting: LHB Duda Pinho
|
0-0: Called Strike 0-1: SINGLE (Groundball, 56D, EV 106.9 MPH)
|
Pitching: RHP Justin Rodrigues
|
|
Batting: RHB Alex Duarte
|
0-0: Foul Ball, location: 2F 0-1: Called Strike Duda Pinho steals 2nd base 0-2: Fly out, F9 (Flyball, 9S, EV 86.2 MPH)
|
Batting: LHB Iestyn Peacock
|
0-0: Ball 1-0: Foul Ball, location: 2RF, Error on foul ball, E2 1-1: Ground out 4-3 (Groundball, 4, EV 78.8 MPH)
|
Bottom of the 3rd over - 0 runs, 1 hit, 1 error, 1 left on base; Paris 0 - Detroit 2 |
TOP OF THE 4TH |
Paris Cubs batting - Pitching for Detroit Red Wings : RHP Edwin Soto
|
Batting: LHB Tyler Schuettler
|
0-0: Ball 1-0: Ball 2-0: Called Strike 2-1: Ball 3-1: Foul Ball, location: 2F 3-2: Strikes out looking
|
Batting: LHB Jeremy Rideout
|
0-0: Ball 1-0: Ground out 5-3 (Groundball, 56, EV 91.2 MPH)
|
Batting: LHB David Mendez
|
0-0: Ball 1-0: Called Strike 1-1: Called Strike 1-2: Ball 2-2: Foul Ball, location: 2F 2-2: Strikes out swinging
|
Top of the 4th over - 0 runs, 0 hits, 0 errors, 0 left on base; Paris 0 - Detroit 2 |
BOTTOM OF THE 4TH |
Detroit Red Wings batting - Pitching for Paris Cubs : RHP Justin Rodrigues
|
Batting: RHB Harry Tugnut
|
0-0: Called Strike 0-1: Swinging Strike 0-2: Ball 1-2: Foul Ball, location: 2F 1-2: Ground out 6-3 (Groundball, 6, EV 80.6 MPH)
|
Batting: RHB Dustin Bursell
|
0-0: Ball 1-0: Swinging Strike 1-1: Ball 2-1: Ball 3-1: Foul Ball, location: 2F 3-2: Foul Ball, location: 2F 3-2: Base on Balls
|
Batting: LHB Simon Barry
|
0-0: Called Strike 0-1: Ball 1-1: Ball 2-1: Fielders Choice at 2nd, 1-4 (Groundball, 15S, EV 68.8 MPH)
|
Batting: RHB Carlos Avila
|
0-0: Called Strike 0-1: Swinging Strike 0-2: Ball 1-2: Ball Passed Ball! Simon Barry to second 2-2: Ball 3-2: Fly out, F6 (Popup, 6M, EV 54.4 MPH)
|
Bottom of the 4th over - 0 runs, 0 hits, 0 errors, 1 left on base; Paris 0 - Detroit 2 |
TOP OF THE 5TH |
Paris Cubs batting - Pitching for Detroit Red Wings : RHP Edwin Soto
|
Batting: RHB Jesus Resendez
|
0-0: Called Strike 0-1: Ball 1-1: Ball 2-1: Ground out 6-3 (Groundball, 6, EV 88.1 MPH)
|
Batting: LHB Zach Martin
|
0-0: Swinging Strike 0-1: Ball 1-1: Ball 2-1: Ball 3-1: SINGLE (Groundball, 4D, EV 111.2 MPH)
|
Batting: RHB Mike Snider
|
0-0: Called Strike 0-1: Ball 1-1: Called Strike 1-2: Fly out, F9 (Flyball, 9, EV 90.6 MPH)
|
Batting: RHB Jason Banks
|
0-0: Called Strike 0-1: Ball 1-1: Called Strike 1-2: Strikes out swinging
|
Top of the 5th over - 0 runs, 1 hit, 0 errors, 1 left on base; Paris 0 - Detroit 2 |
BOTTOM OF THE 5TH |
Detroit Red Wings batting - Pitching for Paris Cubs : RHP Justin Rodrigues
|
Batting: SHB Roderick Speed
|
0-0: Called Strike 0-1: SINGLE (Groundball, 4MS, EV 100.0 MPH)
|
Batting: RHB António Scarlett
|
0-0: Called Strike 0-1: SINGLE (Line Drive, 89S, EV 99.4 MPH) Roderick Speed to second
|
Batting: LHB Duda Pinho
|
0-0: Reached on error, E3 (Groundball, 3S, EV 86.9 MPH) Roderick Speed to third António Scarlett to second
|
Batting: RHB Alex Duarte
|
0-0: Called Strike 0-1: Ball 1-1: Foul Ball, location: 2F 1-2: Strikes out swinging
|
Pitching: RHP Tyler McCoy
|
|
Batting: LHB Iestyn Peacock
|
0-0: SINGLE (Line Drive, 89S, EV 98.8 MPH) Roderick Speed scores António Scarlett to third Duda Pinho to second Runner from 3rd tries for Home, SAFE, throw by CF to home
|
Batting: RHB Harry Tugnut
|
0-0: Ball Duda Pinho steals 3rd base Iestyn Peacock to second 1-0: Foul Ball, location: 2F 1-1: Called Strike 1-2: Ball 2-2: Ball 3-2: SINGLE (Groundball, 6MD, EV 83.1 MPH) (infield hit) Duda Pinho scores Iestyn Peacock to third
|
Batting: RHB Dustin Bursell
|
0-0: Ball 1-0: Ball 2-0: Fly out, F9 (Line Drive, 89M, EV 98.8 MPH) Runner from 3rd tags up, SCORES, no throw by RF
|
Batting: LHB Simon Barry
|
0-0: Ball 1-0: Ball Wild Pitch! Harry Tugnut to second 2-0: SINGLE (Groundball, 15S, EV 65.0 MPH) (infield hit) Harry Tugnut to third
|
Batting: RHB Carlos Avila
|
0-0: Called Strike 0-1: Ball 1-1: Ball Passed Ball! Harry Tugnut scores Simon Barry to second 2-1: Ball 3-1: Called Strike 3-2: Base on Balls
|
Batting: SHB Roderick Speed
|
0-0: Ball 1-0: Ball 2-0: Ground out 4-3 (Groundball, 4, EV 79.4 MPH)
|
Bottom of the 5th over - 5 runs, 5 hits, 1 error, 2 left on base; Paris 0 - Detroit 7 |
TOP OF THE 6TH |
Paris Cubs batting - Pitching for Detroit Red Wings : RHP Edwin Soto
|
Batting: RHB Michihisa Tanaka
|
0-0: Called Strike 0-1: Ball 1-1: Ball 2-1: Foul Ball, location: 2F 2-2: Ground out 5-3 (Groundball, 5S, EV 88.8 MPH)
|
Batting: RHB Willie Rubio
|
0-0: Called Strike 0-1: Ball 1-1: Ball 2-1: Swinging Strike 2-2: Ball 3-2: Strikes out swinging
|
Batting: LHB Tyler Schuettler
|
0-0: Called Strike 0-1: Called Strike 0-2: SINGLE (Flyball, 3D, EV 90.6 MPH)
|
Batting: LHB Jeremy Rideout
|
0-0: Foul Ball, location: 2F 0-1: Called Strike 0-2: Ball 1-2: Ground out U3 (Groundball, 23, EV 87.5 MPH)
|
Top of the 6th over - 0 runs, 1 hit, 0 errors, 1 left on base; Paris 0 - Detroit 7 |
BOTTOM OF THE 6TH |
Detroit Red Wings batting - Pitching for Paris Cubs : RHP Tyler McCoy
|
Batting: RHB António Scarlett
|
0-0: Called Strike 0-1: Ball 1-1: Ball 2-1: Foul Ball, location: 2F 2-2: Foul Ball, location: 2F 2-2: Strikes out swinging
|
Batting: LHB Duda Pinho
|
0-0: Called Strike 0-1: Foul Ball, location: 2F 0-2: Ball 1-2: Strikes out swinging
|
Batting: RHB Alex Duarte
|
0-0: Called Strike 0-1: Ball 1-1: SINGLE (Line Drive, 8LS, EV 103.8 MPH)
|
Batting: LHB Iestyn Peacock
|
0-0: SINGLE (Groundball, 6S, EV 69.4 MPH) (infield hit) Alex Duarte to second
|
Batting: RHB Harry Tugnut
|
0-0: Called Strike 0-1: Ball 1-1: SINGLE (Flyball, 9LS, EV 94.4 MPH) Alex Duarte to third Iestyn Peacock to second Runner from 3rd tries for Home, SAFE, throw by RF to home
|
Pitching: LHP Dusty Blubaugh
|
|
Batting: RHB Dustin Bursell
|
0-0: Foul Ball, location: 2F 0-1: Foul Ball, location: 2F 0-2: Strikes out swinging
|
Bottom of the 6th over - 1 run, 3 hits, 0 errors, 2 left on base; Paris 0 - Detroit 8 |
TOP OF THE 7TH |
Paris Cubs batting - Pitching for Detroit Red Wings : RHP Edwin Soto
|
Batting: LHB David Mendez
|
0-0: Swinging Strike 0-1: Ball 1-1: Ball 2-1: SINGLE (Line Drive, 5D, EV 96.2 MPH)
|
Batting: RHB Jesus Resendez
|
0-0: Grounds into double play, 6-4-3 (Groundball, 6, EV 95.6 MPH)
|
Batting: LHB Zach Martin
|
0-0: Ball 1-0: Called Strike 1-1: SINGLE (Line Drive, 9S, EV 105.0 MPH)
|
Pinch Hitting: SHB Shiroku Waki
|
0-0: Fly out, F7 (Flyball, 7D, EV 87.5 MPH)
|
Top of the 7th over - 0 runs, 2 hits, 0 errors, 1 left on base; Paris 0 - Detroit 8 |
BOTTOM OF THE 7TH |
Detroit Red Wings batting - Pitching for Paris Cubs : LHP Dusty Blubaugh
|
Now in LF: Shiroku Waki
|
|
Pinch Hitting: RHB Victor Acuna
|
0-0: Swinging Strike 0-1: Foul Ball, location: 2F 0-2: Ball 1-2: Strikes out swinging
|
Batting: RHB Carlos Avila
|
0-0: Called Strike 0-1: Called Strike 0-2: Foul Ball, location: 2F 0-2: Strikes out swinging
|
Batting: SHB Roderick Speed
|
0-0: Ball 1-0: Swinging Strike 1-1: Swinging Strike 1-2: Ball 2-2: Ball 3-2: Reached on error, E5 (Groundball, 15, EV 88.8 MPH)
|
Batting: RHB António Scarlett
|
0-0: Foul Ball, location: 2F 0-1: Ball Wild Pitch! Roderick Speed to second 1-1: Called Strike 1-2: Foul Ball, location: 2F 1-2: Strikes out swinging
|
Bottom of the 7th over - 0 runs, 0 hits, 1 error, 1 left on base; Paris 0 - Detroit 8 |
TOP OF THE 8TH |
Paris Cubs batting - Pitching for Detroit Red Wings : RHP Edwin Soto
|
Now at 1B: Felipe Torres
|
|
Batting: RHB Jason Banks
|
0-0: Ball 1-0: Foul Ball, location: 2F 1-1: Ball 2-1: Ball 3-1: Called Strike 3-2: Base on Balls
|
Batting: RHB Michihisa Tanaka
|
0-0: Ball 1-0: Called Strike 1-1: Grounds into double play, 6-4-3 (Groundball, 6, EV 82.5 MPH)
|
Pinch Hitting: LHB Don Crockett
|
0-0: Ball 1-0: Ball 2-0: Ball 3-0: Base on Balls
|
Batting: LHB Tyler Schuettler
|
0-0: Ball 1-0: Foul Ball, location: 2F 1-1: Foul Ball, location: 2F 1-2: Ball 2-2: Strikes out looking
|
Top of the 8th over - 0 runs, 0 hits, 0 errors, 1 left on base; Paris 0 - Detroit 8 |
BOTTOM OF THE 8TH |
Detroit Red Wings batting - Pitching for Paris Cubs : LHP Dusty Blubaugh
|
Now in CF: Don Crockett
|
|
Batting: LHB Duda Pinho
|
0-0: Called Strike 0-1: Ground out 4-3 (Groundball, 4, EV 111.2 MPH)
|
Batting: RHB Alex Duarte
|
0-0: Fly out, F8 (Flyball, 8RD, EV 82.5 MPH)
|
Batting: LHB Iestyn Peacock
|
0-0: Called Strike 0-1: Swinging Strike 0-2: Foul Ball, location: 2F 0-2: Ball 1-2: Reached on error, E6 (Flyball, 4MD, EV 84.4 MPH)
|
Batting: RHB Harry Tugnut
|
0-0: Called Strike 0-1: Foul Ball, location: 2F 0-2: Foul Ball, location: 2F 0-2: Ball 1-2: Foul Ball, location: 2F 1-2: Strikes out swinging
|
Bottom of the 8th over - 0 runs, 0 hits, 1 error, 1 left on base; Paris 0 - Detroit 8 |
TOP OF THE 9TH |
Paris Cubs batting - Pitching for Detroit Red Wings : RHP Edwin Soto
|
Pinch Hitting: LHB Vernon Titterington
|
0-0: Ball 1-0: SOLO HOME RUN (Flyball, 89XD, EV 110.6 MPH), Distance : 426 ft
|
Batting: LHB David Mendez
|
0-0: Foul Ball, location: 2F 0-1: Ball 1-1: Ball 2-1: Called Strike 2-2: SINGLE (Groundball, 56D, EV 101.9 MPH) (infield hit)
|
Pinch Hitting: LHB Bobby Marlatt
|
0-0: Foul Ball, location: 2F 0-1: Swinging Strike 0-2: Ball 1-2: Foul Ball, location: 2F 1-2: Foul Ball, location: 2F 1-2: Foul Ball, location: 2F 1-2: Foul Ball, location: 2F 1-2: Strikes out swinging
|
Pitching: RHP Danny Whitfield
|
|
Batting: LHB Zach Martin
|
0-0: Called Strike 0-1: Called Strike 0-2: Strikes out swinging
|
Pinch Hitting: RHB Cliff Caudle
|
0-0: Called Strike 0-1: Swinging Strike 0-2: Foul Ball, location: 2F 0-2: Ball 1-2: Foul Ball, location: 2F 1-2: Foul Ball, location: 2F 1-2: Ball 2-2: Ball 3-2: Strikes out swinging
|
Top of the 9th over - 1 run, 2 hits, 0 errors, 1 left on base; Paris 1 - Detroit 8 |
|